[Event "Asian Amateur-ch Open 2022"]
[Site "Muscat"]
[Date "2022.10.03"]
[Round "7.8"]
[White "Thapa, Krishna"]
[Black "kloub.M"]
[Result "1-0"]
[ECO "E01"]
[WhiteElo "1928"]
[BlackElo "1687"]
[Annotator "TA"]
[PlyCount "79"]
[EventDate "2022.09.29"]
[EventType "swiss"]
[EventCountry "OMN"]
[SourceTitle "playchess.com"]
[Source "ChessBase"]
[SourceQuality "1"]
[TimeControl "5400+30"]

1. d4 d5 2. Nf3 e6 3. c4 Nf6 4. g3 c5 5. cxd5 cxd4 6. dxe6 {[%emt 0:02:18] E01: Catalan: Early deviations.} (6. Qxd4 exd5 7. Bg2 Nc6 $11) 6... Bxe6 7. Qxd4 ({But not} 7. Nxd4 Bc5 8. e3 Bxd4 9. Qxd4 Qxd4 10. exd4 Nc6 $11) 7... Nc6 8. Qa4 {[%emt 0:09:49] White is slightly better.} a6 {[%emt 0:11:02] [#]} 9. Nbd2 $146 (9. Bg2 $142) ({Predecessor:} 9. Bd2 Qb6 10. Nc3 Bc5 11. e3 O-O-O 12. Be2 Rxd2 13. Nxd2 Qxb2 14. O-O Qxd2 15. Bxa6 {0-1 (86) Mihailova,A (1795)-Boucquet,E (2100) Veliko Gradiste 2021}) 9... b5 $11 {[%emt 0:00:36][%mdl 1024] Black has compensation.} 10. Qd1 Bd5 (10... Rc8 $11 11. a3 Bc5) 11. Bg2 $14 Bb4 12. O-O O-O 13. a3 Bd6 14. b4 Re8 (14... a5 $14) 15. Bb2 $16 Rc8 16. Rc1 Ne5 17. Rxc8 Qxc8 18. Ne4 Bxe4 19. Qxd6 Nc4 20. Qd4 Rd8 21. Qc3 Nxb2 22. Qxb2 Qc2 23. Qxc2 Bxc2 24. Rc1 Bd1 {[%emt 0:05:42] [#] This move loses the game for Black.} (24... Bf5 $16 {was necessary.} 25. Ne5 Rd2) 25. Nd4 $1 $18 Ba4 {[%emt 0:01:32] [#]} 26. Rc6 $1 h6 (26... g6 27. e3) 27. e3 Nd5 28. Bxd5 Rxd5 29. Rxa6 {[%emt 0:00:14][%mdl 4096] Endgame KRB-KRN} Kf8 30. Ra7 Ke8 31. Rc7 Rd7 32. Rc5 Rb7 33. f4 Kd7 34. Kf2 {[%emt 0:00:19] White is clearly winning.} g6 35. e4 Rc7 (35... Rb8 $142 36. Ke3 Ra8) 36. Ke3 f6 (36... Rb7 $142 37. e5 h5) 37. e5 {[%emt 0:00:45] And now Rxc7+ would win.} fxe5 38. fxe5 Rb7 39. Rc6 Bb3 40. e6+ {[%emt 0:24:12] Weighted Error Value: White=0.16 (very precise) /Black=0.33} 1-0

[Event "Asian Amateur-ch Open 2022"]
[Site "Muscat"]
[Date "2022.10.03"]
[Round "7.9"]
[White "Maasarani, Mahmoud"]
[Black "Musallam Salim Al Aamri"]
[Result "1/2-1/2"]
[ECO "D03"]
[WhiteElo "1991"]
[BlackElo "1680"]
[Annotator "TA"]
[PlyCount "86"]
[EventDate "2022.09.29"]
[EventType "swiss"]
[EventCountry "OMN"]
[SourceTitle "playchess.com"]
[Source "ChessBase"]
[SourceQuality "1"]
[TimeControl "5400+30"]

1. d4 Nf6 2. Nf3 e6 3. Bg5 h6 4. Bh4 c5 5. e3 Be7 6. Bd3 d5 7. c3 Nbd7 8. O-O O-O 9. Nbd2 b6 10. e4 dxe4 11. Nxe4 Bb7 12. Re1 Rc8 {[%emt 0:02:54] D03: 1 d4 d5 2 Nf3 Nf6 3 Bg5, including Torre Attack with early ...d5.} 13. Bg3 {[%emt 0:03:45] [#]} Nxe4 $146 ({Predecessor:} 13... cxd4 14. cxd4 Nxe4 15. Bxe4 Bxe4 16. Rxe4 Nf6 17. Re2 Nd5 18. Qa4 a5 19. a3 Bd6 {1-0 (57) Romero,J-Crespo Fernandez,J Asturias 1998}) 14. Bxe4 Bxe4 15. Rxe4 Nf6 16. Re1 cxd4 17. Nxd4 Rc5 18. Qa4 Qa8 19. Rad1 Rfc8 20. Qb3 {[%emt 0:02:53][%cal Od4e6] Hoping for Nxe6!} Kh8 ({Better is} 20... Rd5 $11) 21. Nf3 (21. f4 $1 $14 {is superior.}) 21... Ne4 (21... Qb7 $11) 22. Ne5 Kg8 {[%emt 0:04:09] [#]} 23. Rd7 ({White should play} 23. Nxf7 $1 $16 Kxf7 24. Rd4 (24. Rd7 $2 Qc6 $19)) 23... Rxe5 $1 $11 {[%emt 0:07:37] The position is equal.} 24. Bxe5 Nc5 25. Qd1 Nxd7 26. Qxd7 Bf8 27. Rd1 Rc5 $132 {[%emt 0:00:34][%mdl 2048] Black is fighting back} 28. Bg3 Rd5 29. Rxd5 Qxd5 30. Qxd5 exd5 {[%emt 0:00:02][%mdl 4096] Endgame KB-KB} 31. Kf1 f6 32. Ke2 Kf7 33. Kd3 Ke6 34. a4 Bd6 35. Bxd6 Kxd6 {[%emt 0:00:02] KP-KP} 36. Kd4 Kc6 37. f4 g6 38. g4 {[%emt 0:00:54] aiming for b4.} g5 39. f5 {[%emt 0:01:50] And now b4 would win.} a6 $1 40. c4 dxc4 41. Kxc4 Kd6 $1 42. Kd4 Kc6 $1 43. b4 b5 {[%emt 0:09:51] Weighted Error Value: White=0.09 (flawless) /Black=0.10 (very precise)} 1/2-1/2

[Event "Asian Amateur-ch Open 2022"]
[Site "Muscat"]
[Date "2022.10.03"]
[Round "7.10"]
[White "Owlad, Ehsan"]
[Black "UMER S.M"]
[Result "1/2-1/2"]
[ECO "A49"]
[WhiteElo "1962"]
[BlackElo "1631"]
[Annotator "TA"]
[PlyCount "80"]
[EventDate "2022.09.29"]
[EventType "swiss"]
[EventCountry "OMN"]
[SourceTitle "playchess.com"]
[Source "ChessBase"]
[SourceQuality "1"]
[TimeControl "5400+30"]

1. d4 Nf6 2. Nf3 g6 3. g3 Bg7 4. Bg2 O-O 5. O-O d6 6. Nbd2 d5 {[%emt 0:02:33][%cal Oc7c5] A49: 1 d4 Nf6 2 Nf3 g6 3 g3: Anti-King's Indian systems.} 7. Re1 c5 8. c3 cxd4 9. cxd4 Nc6 {[%emt 0:00:08] [#]} 10. b3 $146 ({Predecessor:} 10. Qb3 Qd6 11. a3 b6 12. Nf1 Bf5 13. Bf4 Na5 14. Qc3 Qc6 15. Qb4 Qb7 16. Nh4 {1-0 (33) Hellwig,T (2172)-Ferreira,O (1980) Caleta 2015}) 10... Ne4 11. Bb2 Qb6 12. Nxe4 dxe4 13. Ne5 (13. Nd2 $5 ) 13... Nxe5 (13... Bxe5 $15 {is more appropriate.} 14. dxe5 Bf5) 14. dxe5 $11 Bf5 15. Qd4 Qxd4 16. Bxd4 Rfd8 17. Rad1 Rd7 18. e3 Rad8 19. Rc1 b6 20. g4 Bxg4 21. Bxe4 f6 {[%emt 0:05:34] [#]} (21... Be6 $11) 22. Bc6 $1 $16 fxe5 23. Bxd7 {[%emt 0:00:51] White is more active.} Rxd7 24. Bc3 e4 25. Bxg7 Kxg7 {[%emt 0:00:01][%mdl 4096] Endgame KRR-KRB} 26. Kg2 (26. h3 $16 Bf3 27. Rc2) 26... Bf3+ $11 27. Kg3 Rd5 $1 28. h4 g5 $2 (28... Rh5 $11 {and Black stays safe.}) 29. Rg1 (29. Rc7 $18) 29... gxh4+ 30. Kh3+ Kf6 $1 31. Rc2 {[%emt 0:01:21][%mdl 1024] Prevents Rd2. White has compensation.} (31. Kxh4 Rh5+ 32. Kg3 Rg5+ 33. Kh4 Rh5+ 34. Kg3 Rg5+ 35. Kh4 Rh5+ $11) 31... Rf5 (31... a5 $14) 32. Rc6+ $16 ({Much weaker is} 32. Kxh4 $6 Rh5+ 33. Kg3 Rg5+ 34. Kh2 Rh5+ 35. Kg3 Rg5+ 36. Kh2 Rh5+ 37. Kg3 $11) 32... e6 33. Rg8 ({Weaker is} 33. Kxh4 Rh5+ 34. Kg3 Rg5+ 35. Kh2 Rh5+ 36. Kg3 Rg5+ 37. Kh2 Rh5+ 38. Kg3 $11) (33. Rc7 $18) 33... Rd5 $1 $14 {[%emt 0:02:28] [#] Strongly threatening ...Rd1.} 34. Re8 Rd1 $2 (34... Kg5 $1 $11 {and Black is okay.} 35. Rg8+ Kf6) 35. Rexe6+ $2 (35. Rcxe6+ $18 Kg5 36. Re5+ Kg6 37. R8e6+ (37. Kxh4 Rh1+ 38. Kg3 Rg1+ 39. Kh4 Rh1+ 40. Kg3 Rg1+ 41. Kh4 Rh1+ $11) 37... Kf7 38. Kxh4) 35... Kf5 $11 {[%emt 0:00:32][%cal Rd1h1] The position is equal.} 36. Kxh4 {[%emt 0:13:43] And now Rf6+ would win.} Rh1+ 37. Kg3 {[%emt 0:00:06] aiming for Rf6+.} Rg1+ 38. Kh3 Rh1+ 39. Kg3 {[%emt 0:00:10] Black must now prevent Rf6+.} Rg1+ 40. Kh2 Rh1+ {[%emt 0:15:52] Weighted Error Value: White=0.32/Black=0.29 (precise)} 1/2-1/2

[Event "Asian Amateur-ch Open 2022"]
[Site "Muscat"]
[Date "2022.10.03"]
[Round "7.11"]
[White "Al Amari, Mohammed"]
[Black "Sharaf, Khaleel"]
[Result "1-0"]
[ECO "D02"]
[WhiteElo "1646"]
[BlackElo "1874"]
[Annotator "NA RC COMBH"]
[PlyCount "106"]
[EventDate "2022.09.29"]
[EventType "swiss"]
[EventCountry "OMN"]
[SourceTitle "playchess.com"]
[Source "ChessBase"]
[SourceQuality "1"]
[TimeControl "5400+30"]

1. d4 Nf6 2. Bf4 d5 3. e3 e6 4. Nf3 Bd6 5. Bg3 c5 6. dxc5 Bxc5 7. Nbd2 Nc6 8. c4 O-O 9. a3 a5 10. Be2 Re8 11. O-O d4 12. Nb3 Ba7 13. Nbxd4 Nxd4 14. Nxd4 Ne4 15. Nb5 Nxg3 16. hxg3 Qf6 17. Qc2 Bb8 18. Rad1 e5 19. c5 Bf5 20. Bd3 e4 21. Bc4 Bg4 22. Rd2 Qg6 23. Rd4 Be5 24. Rd5 Rad8 25. Qb3 h5 26. Nd6 Bxd6 27. Rxd6 Rxd6 28. cxd6 Rd8 29. Qxb7 Rxd6 30. Qb8+ Kh7 31. Bxf7 Qf6 32. Qg8+ Kh6 33. f4 Rd8 34. Be8 Bf5 35. Rc1 Bg6 36. Qh8+ Bh7 37. Rc5 Qg6 38. Bxg6 Rxh8 39. Bxh7 Rxh7 40. Rxa5 g6 41. Re5 Rb7 42. b4 Ra7 43. Ra5 Rd7 44. b5 h4 45. gxh4 g5 46. hxg5+ Kh5 47. b6 Kg4 48. Rb5 Kg3 49. Rb1 Rd2 50. b7 Rxg2+ 51. Kf1 Rh2 52. b8=Q Kf3 53. Ke1 Rh8 1-0

[Event "Asian Amateur-ch Open 2022"]
[Site "Muscat"]
[Date "2022.10.03"]
[Round "7.12"]
[White "Bagheri, Majid"]
[Black "Al Darwashi, Anas"]
[Result "1-0"]
[ECO "B38"]
[WhiteElo "1870"]
[BlackElo "1530"]
[Annotator "NA RC COMBH"]
[PlyCount "91"]
[EventDate "2022.09.29"]
[EventType "swiss"]
[EventCountry "OMN"]
[SourceTitle "playchess.com"]
[Source "ChessBase"]
[SourceQuality "1"]
[TimeControl "5400+30"]

1. e4 c5 2. Nf3 g6 3. d4 cxd4 4. Nxd4 Bg7 5. c4 Qb6 6. Nb3 Nc6 7. Nc3 Nf6 8. Be3 Qc7 9. Be2 d6 10. O-O O-O 11. Rc1 Be6 12. f3 Qd7 13. Nd4 Nxd4 14. Bxd4 Qc7 15. b3 Nd7 16. Be3 Qa5 17. Qd2 Rfc8 18. Rfd1 a6 19. Nb1 Qxd2 20. Nxd2 a5 21. f4 Nc5 22. g4 f5 23. exf5 gxf5 24. g5 a4 25. Bxc5 dxc5 26. Bf3 Bd4+ 27. Kg2 Rc7 28. Rc2 Rd8 29. Re1 Bf7 30. Nf1 axb3 31. axb3 b5 32. Ng3 e6 33. cxb5 Ra7 34. b6 Ra3 35. Rb1 Be8 36. b4 Ba4 37. Rd2 c4 38. b7 Rd3 39. Ra2 Rxf3 40. Rxa4 Rf2+ 41. Kh3 Be5 42. fxe5 Kf7 43. Ra8 Rd4 44. Rf8+ Kg6 45. Rg8+ Kf7 46. g6+ 1-0

[Event "Asian Amateur-ch Open 2022"]
[Site "Muscat"]
[Date "2022.10.03"]
[Round "7.13"]
[White "Khayat, Emad"]
[Black "Al Ansi Amin"]
[Result "1-0"]
[ECO "D11"]
[WhiteElo "1597"]
[BlackElo "1806"]
[Annotator "NA RC COMBH"]
[PlyCount "139"]
[EventDate "2022.09.29"]
[EventType "swiss"]
[EventCountry "OMN"]
[SourceTitle "playchess.com"]
[Source "ChessBase"]
[SourceQuality "1"]
[TimeControl "5400+30"]

1. d4 Nf6 2. Nf3 d5 3. g3 Bf5 4. Bg2 e6 5. O-O Bd6 6. c4 c6 7. Nc3 h6 8. Qb3 b6 9. Bf4 Bxf4 10. gxf4 Ne4 11. Rac1 g5 12. cxd5 exd5 13. Nxe4 Bxe4 14. fxg5 hxg5 15. Ne5 Bxg2 16. Kxg2 Qd6 17. Qg3 Rg8 18. Nxc6 Kd7 19. Qg4+ Qe6 20. Ne5+ Kd8 21. Qxe6 fxe6 22. Rc3 Na6 23. Rfc1 Rg7 24. Rc6 Ke7 25. a3 Kf6 26. b4 Rh8 27. b5 Rgh7 28. Ng4+ Kf5 29. f3 Nb8 30. Rc7 a5 31. Rxh7 Rxh7 32. Ne5 Nd7 33. Rc7 Nf8 34. Rxh7 Nxh7 35. Nd7 Nf6 36. Nxf6 Kxf6 37. e4 e5 38. dxe5+ Kxe5 39. exd5 Kxd5 40. Kg3 Kc5 41. Kg4 Kxb5 42. Kxg5 Kc4 43. h4 b5 44. h5 b4 45. axb4 axb4 46. h6 b3 47. h7 b2 48. h8=Q b1=Q 49. Qc8+ Kd4 50. Qd7+ Ke3 51. f4 Qg1+ 52. Qg4 Qa1 53. Qe6+ Kf3 54. f5 Qg1+ 55. Kh6 Qh2+ 56. Kg6 Qg3+ 57. Kf7 Qc7+ 58. Qe7 Qc4+ 59. Kg6 Qg4+ 60. Qg5 Qe4 61. Kh6 $11 (61. Qh5+ $18 Ke3 62. Kh6 Qc6+ 63. Kg7 Qb7+ 64. Kg6) 61... Qb4 62. f6 Qd6 63. Kg7 Qd4 64. Qf5+ Kg3 65. Kh7 Qh4+ 66. Kg6 Qc4 67. f7 Qc6+ 68. Kg7 Qc3+ 69. Kh7 Qc7 70. Kh6 1-0

[Event "Asian Amateur-ch Open 2022"]
[Site "Muscat"]
[Date "2022.10.03"]
[Round "7.14"]
[White "Nadeem Aziz"]
[Black "Vijay Chauhan"]
[Result "0-1"]
[ECO "D11"]
[WhiteElo "1797"]
[BlackElo "1526"]
[Annotator "NA RC COMBH"]
[PlyCount "80"]
[EventDate "2022.09.29"]
[EventType "swiss"]
[EventCountry "OMN"]
[SourceTitle "playchess.com"]
[Source "ChessBase"]
[SourceQuality "1"]
[TimeControl "5400+30"]

1. d4 d5 2. Nf3 Nf6 3. c4 c6 4. Qb3 e6 5. Bg5 Nbd7 6. e3 Be7 7. Nbd2 Qa5 8. Bd3 Bb4 9. Bxf6 Nxf6 10. a3 Be7 11. O-O O-O 12. Qc2 h6 13. b4 Qc7 14. c5 Nd7 15. e4 dxe4 16. Nxe4 Nf6 17. Bc4 Rd8 18. Rad1 Bd7 19. Ba2 a5 20. Bb1 g6 21. h4 h5 22. Neg5 Be8 23. Ne5 Ng4 24. Nxg4 Bxg5 25. hxg5 hxg4 26. Qe4 axb4 27. axb4 Ra4 28. Rd3 Rxb4 29. Rfd1 Rd5 30. Qxg4 Qd8 31. Ba2 Rxg5 32. Qe2 Rh5 33. g3 Qf6 34. Qf3 Rf5 35. Qe2 Qh8 36. g4 Rf4 37. f3 Rfxd4 38. R1d2 Rxd3 39. Qxd3 Qe5 40. Qa3 Qe1+ 0-1

[Event "Asian Amateur-ch Open 2022"]
[Site "Muscat"]
[Date "2022.10.03"]
[Round "7.15"]
[White "Reyes, Danilo G."]
[Black "Al Abdali, Zeyad Saleh"]
[Result "1-0"]
[ECO "A04"]
[WhiteElo "1584"]
[BlackElo "1780"]
[Annotator "NA RC COMBH"]
[PlyCount "184"]
[EventDate "2022.09.29"]
[EventType "swiss"]
[EventCountry "OMN"]
[SourceTitle "playchess.com"]
[Source "ChessBase"]
[SourceQuality "1"]
[TimeControl "5400+30"]

1. Nf3 c5 2. g3 Nc6 3. Bg2 g6 4. O-O Bg7 5. e4 e6 6. d3 Nge7 7. c3 O-O 8. Re1 d6 9. a4 Rb8 10. Na3 a6 11. Bd2 b5 12. axb5 axb5 13. Qc1 Re8 14. Bh6 Bh8 15. h4 b4 16. Nc4 bxc3 17. bxc3 Rb3 18. Ra3 Rxa3 19. Qxa3 d5 20. exd5 exd5 21. Ncd2 Qa5 22. Qxa5 Nxa5 23. Bg5 Be6 24. d4 c4 25. Bxe7 Rxe7 26. Ng5 Bf6 27. Rb1 Rd7 28. Rb5 Nc6 29. Nf1 Bxd4 30. cxd4 Nxd4 31. Rb8+ Kg7 32. Rc8 Ne2+ 33. Kh2 c3 34. Bf3 Rd6 35. Rc7 Nd4 36. Nxe6+ Nxe6 37. Rxc3 d4 38. Rd3 Nc5 39. Rd1 Kf6 40. g4 Ke5 41. Kg3 Ne4+ 42. Bxe4 Kxe4 43. f3+ Ke5 44. Nd2 Kd5 45. g5 f5 46. Kf4 Rb6 47. Rb1 Ra6 48. Rb8 Ra3 49. Rd8+ Kc5 50. Ke5 Re3+ 51. Kf6 Rd3 52. Rc8+ Kb4 53. Rc4+ Kb5 54. Rc2 Re3 55. Kg7 Re7+ 56. Kf6 Re2 57. Rb2+ Kc6 58. Nc4 d3 59. Ne5+ Kd5 60. Nxd3 Re3 61. Ne5 Kd4 62. Rb4+ Kc5 63. Rf4 Kd5 64. Nxg6 Re6+ 65. Kf7 hxg6 66. Rd4+ Ke5 67. f4+ Kxd4 68. Kxe6 Ke4 69. Kf6 Kxf4 70. Kxg6 Ke4 71. h5 f4 72. h6 f3 73. h7 f2 74. h8=Q f1=Q 75. Qf6 Qh3 76. Qe7+ Kd5 77. Kg7 Qh4 78. Qf7+ Kd6 79. g6 Qh5 80. Qf6+ Kd7 81. Qf7+ Kd6 82. Kg8 Qg5 83. g7 Qh6 84. Kf8 Kc6 85. Qc4+ Kd7 86. Qd5+ Kc7 87. Qe5+ Kc8 88. Kf7 Qh7 89. Qg5 Kd7 90. Kf8 Qe4 91. g8=Q Qe8+ 92. Kg7 Qxg8+ 1-0

[Event "Asian Amateur-ch Open 2022"]
[Site "Muscat"]
[Date "2022.10.03"]
[Round "7.16"]
[White "Sharma Pankaj"]
[Black "Shaurya Dinesh Sawlani"]
[Result "1-0"]
[ECO "A25"]
[WhiteElo "1764"]
[BlackElo "1448"]
[Annotator "NA RC COMBH"]
[PlyCount "65"]
[EventDate "2022.09.29"]
[EventType "swiss"]
[EventCountry "OMN"]
[SourceTitle "playchess.com"]
[Source "ChessBase"]
[SourceQuality "1"]
[TimeControl "5400+30"]

1. c4 e5 2. g3 Nf6 3. Nc3 Nc6 4. Bg2 Bb4 5. e4 d6 6. Nge2 Bg4 7. h3 Be6 8. Nd5 Bc5 9. O-O a5 10. d3 h6 11. Kh2 h5 12. Be3 Nd4 13. Nxd4 exd4 14. Bd2 Nxd5 15. cxd5 Bd7 16. f4 Bb5 17. Qb3 c6 18. a4 Ba6 19. e5 Rc8 20. Rae1 O-O 21. e6 Qb6 22. Qc2 Bb4 23. Bxb4 axb4 24. Qe2 h4 25. Be4 f5 26. e7 hxg3+ 27. Kxg3 fxe4 28. exf8=Q+ Rxf8 29. Qxe4 c5 30. b3 Qd8 31. Qg6 Qf6 32. Qxf6 Rxf6 33. Rf3 1-0

[Event "Asian Amateur-ch Open 2022"]
[Site "Muscat"]
[Date "2022.10.03"]
[Round "7.17"]
[White "Shelke Omkar"]
[Black "Jaradat, Othman"]
[Result "1-0"]
[ECO "D05"]
[WhiteElo "1460"]
[BlackElo "1751"]
[Annotator "NA RC COMBH"]
[PlyCount "68"]
[EventDate "2022.09.29"]
[EventType "swiss"]
[EventCountry "OMN"]
[SourceTitle "playchess.com"]
[Source "ChessBase"]
[SourceQuality "1"]
[TimeControl "5400+30"]

1. d4 e6 2. Nf3 d5 3. e3 Nf6 4. Bd3 c5 5. b3 cxd4 6. exd4 Nc6 7. Bb2 Bd6 8. Nbd2 O-O 9. a3 e5 10. Nxe5 Re8 11. O-O Nxe5 12. dxe5 Bxe5 13. Bxe5 Rxe5 14. h3 b6 15. Nf3 Re8 16. Nd4 Ne4 17. Qh5 g6 18. Qh6 Nc5 19. Nf3 Qf6 20. Bb5 Re7 21. Ng5 Qg7 22. Qxg7+ Kxg7 23. Bc6 Bb7 24. Bxb7 Rxb7 25. Rad1 Rd7 26. Rd2 Kf6 27. Nxh7+ Kf5 28. g4+ Ke6 29. Re1+ Kd6 30. Nf6 Rdd8 31. Nxd5 Kc6 32. Nb4+ Kc7 33. Re7+ Rd7 34. Rdxd7+ Nxd7 1-0

[Event "Asian Amateur-ch Open 2022"]
[Site "Muscat"]
[Date "2022.10.03"]
[Round "7.18"]
[White "Atharv Bansal"]
[Black "Krishanu Sai"]
[Result "1-0"]
[ECO "C54"]
[WhiteElo "1164"]
[BlackElo "1748"]
[Annotator "NA RC COMBH"]
[PlyCount "89"]
[EventDate "2022.09.29"]
[EventType "swiss"]
[EventCountry "OMN"]
[SourceTitle "playchess.com"]
[Source "ChessBase"]
[SourceQuality "1"]
[TimeControl "5400+30"]

1. e4 e5 2. Nf3 Nc6 3. Bc4 Bc5 4. c3 Nf6 5. d4 exd4 6. e5 d5 7. Bb5 Ne4 8. cxd4 Bb4+ 9. Bd2 Be7 10. Nc3 Nxc3 11. bxc3 Bf5 12. O-O O-O 13. Bf4 Qd7 14. Re1 Qe6 15. Bg5 Bxg5 16. Nxg5 Qg6 17. Qd2 Nd8 18. Nf3 Qh5 19. Qg5 Qxg5 20. Nxg5 h6 21. Nf3 Ne6 22. Rad1 Rfd8 23. Nh4 Bh7 24. Bd3 Bxd3 25. Rxd3 c5 26. Nf5 cxd4 27. cxd4 Kf8 28. Nd6 Rd7 29. Rc1 f6 30. g3 fxe5 31. dxe5 d4 32. f4 g6 33. Rf1 Kg8 34. g4 g5 35. f5 Nf4 36. Rxf4 gxf4 37. Rxd4 Re7 38. e6 Rd8 39. Kg2 Kh7 40. Kf3 Kg7 41. Kxf4 b6 42. Ke5 Rf8 43. f6+ Rxf6 44. Nf5+ Rxf5+ 45. gxf5 1-0

[Event "Asian Amateur-ch Open 2022"]
[Site "Muscat"]
[Date "2022.10.03"]
[Round "7.19"]
[White "Humaidan Mohamed, Alzaabi"]
[Black "Ranjith, R.k."]
[Result "0-1"]
[ECO "B33"]
[WhiteElo "1393"]
[BlackElo "1706"]
[Annotator "NA RC COMBH"]
[PlyCount "52"]
[EventDate "2022.09.29"]
[EventType "swiss"]
[EventCountry "OMN"]
[SourceTitle "playchess.com"]
[Source "ChessBase"]
[SourceQuality "1"]
[TimeControl "5400+30"]

1. e4 c5 2. Nf3 Nc6 3. d4 cxd4 4. Nxd4 Nf6 5. Nc3 e5 6. Ndb5 d6 7. Bg5 a6 8. Na3 Be6 9. Bxf6 gxf6 10. Nc4 Rc8 11. Ne3 Bh6 12. Ncd5 Bxe3 13. Nxe3 Ne7 14. Qf3 Qa5+ 15. Kd1 Rg8 16. Bd3 Rg6 17. Ke2 Qb4 18. b3 Nc6 19. Kf1 Nd4 20. Qd1 Qc3 21. Qe1 b5 22. Qxc3 Rxc3 23. a4 Bxb3 24. axb5 axb5 25. Nd1 Rxc2 26. Bxc2 Bc4+ 0-1

[Event "Asian Amateur-ch Open 2022"]
[Site "Muscat"]
[Date "2022.10.03"]
[Round "7.23"]
[White "Ferzli, Dany Michael"]
[Black "Al Balushi, Said"]
[Result "0-1"]
[ECO "A96"]
[WhiteElo "1789"]
[BlackElo "1495"]
[Annotator "NA RC COMBH"]
[PlyCount "100"]
[EventDate "2022.09.29"]
[EventType "swiss"]
[EventCountry "OMN"]
[SourceTitle "playchess.com"]
[Source "ChessBase"]
[SourceQuality "1"]
[TimeControl "5400+30"]

1. d4 e6 2. c4 f5 3. Nf3 Nf6 4. g3 Be7 5. Bg2 O-O 6. O-O d6 7. Nc3 Ne4 8. Qc2 Nxc3 9. bxc3 Nc6 10. Re1 e5 11. e3 Qe8 12. Rb1 f4 13. gxf4 Qh5 14. e4 Bh3 15. Bxh3 Qxh3 16. Qe2 exf4 17. Rxb7 Rf6 18. Kh1 Rg6 19. Rg1 Rxg1+ 20. Nxg1 Qxc3 21. Bb2 Qa5 22. Qg4 Nd8 23. d5 Bf8 24. Rb5 Qxa2 25. Qe2 a6 26. Rb4 c5 27. Rb6 Qa5 28. Rb3 Nf7 29. Rb7 Nd8 30. Rb3 Nf7 31. Qg4 Re8 32. Rb7 Rxe4 33. Rb8 g5 34. Qf5 Qe1 35. Qf6 Re5 36. Bxe5 Qxe5 37. Qxe5 Nxe5 38. Ra8 f3 39. Rxa6 g4 40. Ra2 Nxc4 41. h3 h5 42. hxg4 hxg4 43. Kh2 Bh6 44. Kg3 Ne5 45. Ra6 c4 46. Rxd6 c3 47. Rc6 Nxc6 48. dxc6 c2 49. Kxg4 c1=Q 50. Nxf3 Qf4+ 0-1

[Event "Asian Amateur-ch Open 2022"]
[Site "Muscat"]
[Date "2022.10.03"]
[Round "7.24"]
[White "Al Mamari Mohammed Salim"]
[Black "Hisoriev, Shorahmat"]
[Result "1/2-1/2"]
[ECO "D02"]
[WhiteElo "1685"]
[BlackElo "1681"]
[Annotator "NA RC COMBH"]
[PlyCount "98"]
[EventDate "2022.09.29"]
[EventType "swiss"]
[EventCountry "OMN"]
[SourceTitle "playchess.com"]
[Source "ChessBase"]
[SourceQuality "1"]
[TimeControl "5400+30"]

1. d4 d5 2. Bf4 Nf6 3. e3 e6 4. Nf3 c5 5. c3 Qb6 6. Qb3 Qxb3 7. axb3 Nc6 8. Na3 a6 9. Nb5 Kd7 10. Nc7 Ra7 11. Ne5+ Nxe5 12. Bxe5 Ne8 13. Nxe8 Kxe8 14. Bd3 f6 15. Bg3 Bd7 16. O-O Bc6 17. dxc5 Bxc5 18. b4 Bb6 19. b5 Bd7 20. bxa6 bxa6 21. Rxa6 Rxa6 22. Bxa6 Ke7 23. Bd3 e5 24. Ra1 h6 25. Kf1 Rb8 26. Ra2 Rb7 27. Ke2 e4 28. Bc2 Bb5+ 29. Ke1 g5 30. Ra8 Ba7 31. Rh8 Be8 32. b3 h5 33. Bd6+ Kxd6 34. Rxe8 h4 35. b4 Rb8 36. Rxb8 Bxb8 37. Ba4 Ke6 38. g3 Be5 39. Kd2 f5 40. gxh4 gxh4 41. h3 f4 42. Bc6 fxe3+ 43. fxe3 Kd6 44. Bb5 Bf6 45. c4 dxc4 46. Bxc4 Bd8 47. Bf7 Bb6 48. Bg6 Ke5 49. b5 Bc5 1/2-1/2

[Event "Asian Amateur-ch Open 2022"]
[Site "Muscat"]
[Date "2022.10.03"]
[Round "7.25"]
[White "Al Rahbi, Ahmed Badar"]
[Black "Takenouchi, Atsushi"]
[Result "0-1"]
[ECO "E38"]
[WhiteElo "1321"]
[BlackElo "1629"]
[Annotator "NA RC COMBH"]
[PlyCount "76"]
[EventDate "2022.09.29"]
[EventType "swiss"]
[EventCountry "OMN"]
[SourceTitle "playchess.com"]
[Source "ChessBase"]
[SourceQuality "1"]
[TimeControl "5400+30"]

1. d4 Nf6 2. c4 e6 3. Nc3 Bb4 4. Qc2 c5 5. e3 Nc6 6. Nge2 O-O 7. a3 cxd4 8. Nxd4 Be7 9. Bd3 d6 10. O-O a6 11. b4 Ne5 12. Bb2 Bd7 13. Qe2 Rc8 14. Rac1 Rc7 15. f4 Nxd3 16. Qxd3 Qc8 17. Nce2 e5 18. fxe5 dxe5 19. Nf5 Bxf5 20. Qxf5 Rxc4 21. Qxe5 Bd8 22. Qg3 Rxc1 23. Rxc1 Qd7 24. Nd4 Re8 25. Rf1 Ne4 26. Qe1 Bg5 27. Rf3 g6 28. Nb3 Qd3 29. Nc1 Qd2 30. Qe2 Qxe2 31. Nxe2 Nd2 32. Rg3 Bxe3+ 33. Kh1 Nc4 34. Bf6 Nxa3 35. Nd4 Bf4 36. Nf3 Bxg3 37. hxg3 Re6 38. Bd4 Nc2 0-1

[Event "Asian Amateur-ch Open 2022"]
[Site "Muscat"]
[Date "2022.10.03"]
[Round "7.26"]
[White "Ghaith Saeed Alnuaimi"]
[Black "Al Amri, Mahad"]
[Result "1-0"]
[ECO "E18"]
[WhiteElo "1269"]
[BlackElo "1589"]
[Annotator "NA RC COMBH"]
[PlyCount "59"]
[EventDate "2022.09.29"]
[EventType "swiss"]
[EventCountry "OMN"]
[SourceTitle "playchess.com"]
[Source "ChessBase"]
[SourceQuality "1"]
[TimeControl "5400+30"]

1. d4 d5 2. c4 e6 3. Nf3 Nf6 4. g3 Be7 5. Bg2 O-O 6. O-O b6 7. cxd5 exd5 8. Ne5 Bb7 9. Nc3 Re8 10. Bf4 a6 11. Rc1 Nbd7 12. Qb3 c5 13. Nxd7 Qxd7 14. Qxb6 Rac8 15. dxc5 Bxc5 16. Qb3 Re6 17. Bh3 Qc6 18. Bg2 Qd7 19. Rfd1 Rb6 20. Qa4 Qf5 21. Nxd5 Bxd5 22. Bxd5 g5 23. e4 Qh3 24. Rxc5 Rxc5 25. Be3 Rbb5 26. Bxc5 Ng4 27. Bxf7+ Kxf7 28. Qc4+ Kg6 29. Qe6+ Kh5 30. Qf7+ 1-0

[Event "Asian Amateur-ch Open 2022"]
[Site "Muscat"]
[Date "2022.10.03"]
[Round "7.27"]
[White "Salem Muhsan Shuaib"]
[Black "Khalili, Mehdi"]
[Result "0-1"]
[ECO "E61"]
[WhiteElo "1227"]
[BlackElo "1575"]
[Annotator "NA RC COMBH"]
[PlyCount "120"]
[EventDate "2022.09.29"]
[EventType "swiss"]
[EventCountry "OMN"]
[SourceTitle "playchess.com"]
[Source "ChessBase"]
[SourceQuality "1"]
[TimeControl "5400+30"]

1. d4 Nf6 2. Nf3 g6 3. c4 Bg7 4. Nc3 O-O 5. Bg5 d6 6. e3 Bg4 7. Be2 c6 8. h3 Bxf3 9. Bxf3 Qb6 10. Qb3 Nbd7 11. O-O Rac8 12. Rfd1 e6 13. Rac1 Rfe8 14. Rc2 d5 15. cxd5 cxd5 16. Rdc1 Qxb3 17. axb3 a6 18. Bxf6 Nxf6 19. Nxd5 Rxc2 20. Nxf6+ Bxf6 21. Rxc2 Rb8 22. Rc7 b6 23. Kf1 Kf8 24. Ke2 Bd8 25. Rc6 Ke7 26. Kd3 Kd7 27. d5 Bc7 28. dxe6+ fxe6 29. Kc4 Be5 30. Kd3 Bxb2 31. Rc2 Be5 32. Rc6 Bd6 33. Kc4 Bc7 34. Be4 Rf8 35. f3 Rb8 36. Kd3 Bd6 37. Rc4 Bc5 38. g4 a5 39. h4 Rd8 40. Ke2 Kd6 41. Rc3 Ke7 42. Rd3 Rc8 43. Bb7 Rc7 44. Be4 Bd6 45. Kd2 Bb4+ 46. Ke2 Rc2+ 47. Kd1 Rh2 48. h5 gxh5 49. gxh5 Rxh5 50. Ke2 Rh2+ 51. Kf1 h5 52. Kg1 Rb2 53. f4 h4 54. Bg2 Bc5 55. Kf1 Ra2 56. Rc3 Ra3 57. Be4 a4 58. Bc2 Ra1+ 59. Kg2 a3 60. Rc4 Rc1 0-1